 Dungeon Crawl Stone Soup version 0.29.1-15-g9cfb28693d (webtiles) character file.

Game seed: 15827340653528580196

27 GigaChad the Covered (level 2, -3/27 HPs)
             Began as a Minotaur Fighter on Mar 9, 2023.
             Slain by a goblin
             ... wielding a +0 war axe
              (6 damage)
             ... on level 2 of the Dungeon.
             The game lasted 00:01:29 (631 turns).

GigaChad the Covered (Minotaur Fighter)              Turns: 631, Time: 00:01:29

Health: -3/27      AC:  7    Str: 20    XL:     2   Next: 93%
Magic:  1/1        EV:  9    Int:  5    God:
Gold:   47         SH:  4    Dex:  9    Spells: 1/1 levels left

rFire   . . .      SeeInvis .   a - +0 war axe
rCold   . . .      Faith    .   c - +0 buckler
rNeg    . . .      Spirit   .   b - +0 scale mail
rPois   .          Reflect  .   (helmet restricted)
rElec   .          Harm     .   (no cloak)
rCorr   .          Rampage  .   (no gloves)
Will    .....                   (no boots)
Stlth   ..........              (no amulet)
HPRegen 0.09/turn               (no ring)
MPRegen 0.07/turn               (no ring)

@: no status effects
A: horns 2, retaliatory headbutt
a: no special abilities


You were on level 2 of the Dungeon.
You visited 1 branch of the dungeon, and saw 2 of its levels.

You collected 47 gold pieces.

Inventory:

Hand Weapons
 a - a +0 war axe (weapon)
Armour
 b - a +0 scale mail (worn)
 c - a +0 buckler (worn)
Jewellery
 f - a ring of protection from fire
 k - a ring of wizardry
Scrolls
 i - a scroll of identify
 j - a scroll of noise {unknown}
Potions
 d - a potion of might
 e - a potion of flight {unknown}
 g - a potion of heal wounds {unknown}
 h - a potion of attraction {unknown}


   Skills:
 + Level 4.0 Fighting
 + Level 2.9 Axes
 + Level 4.2 Armour
 + Level 3.9 Shields


You had one spell level left.
You didn't know any spells.
Your spell library was empty.

Dungeon Overview and Level Annotations

Branches:
Dungeon (2/15)

Altars:

Annotations:
D:2 Robin


Innate Abilities, Weirdness & Mutations

You have a pair of horns on your head.
You reflexively headbutt those who attack you in melee.


Message History

You see here a +0 club.
You hit the goblin. You headbutt the goblin.
You kill the goblin!
Your Fighting skill increases to level 4!
Robin throws the goblin at you! The goblin closely misses you.
Things that are here:
a +0 club; a +0 club You hit the goblin.
The goblin is heavily wounded.
You hit the goblin but do no damage. The goblin hits you with a +0 club. x2
An endoplasm comes into view.
The goblin hits you with a +0 club. Robin throws the goblin at you!
The goblin misses you.
The endoplasm quivers.
The goblin barely misses you.
A goblin comes into view. It is wielding a +0 club.
Robin barely misses you.
You miss the goblin. You hit the goblin.
You kill the goblin!
You hit the goblin.
You kill the goblin!
You hit Robin. Robin hits you but does no damage.
The goblin closely misses you.
You closely miss the goblin. Your headbutt misses the goblin.
You miss the goblin. You hit the endoplasm. You barely miss Robin.
The endoplasm jiggles.
The endoplasm barely misses you. You furiously retaliate!
You headbutt the endoplasm!
You kill the endoplasm!
Robin zaps a wand.
The puff of flame hits you.
The goblin hits you but does no damage. x2
You slash the goblin!
You kill the goblin!
You barely miss Robin. You closely miss the goblin.
Robin hits you but does no damage. The goblin hits you with a +0 war axe.
* * * LOW HITPOINT WARNING * * *
The hobgoblin hits you.
* * * LOW HITPOINT WARNING * * *
The goblin hits you with a +0 war axe.
You die...

. . .. # #.. ...
.#.... ....
###.....# .....
##<...#
.....g###..##...#
.....gg@g.## .#
....[gg#)##
......g#.#
.<........
.......###.
......# .. ......
## .#....


You could see Robin, a hobgoblin (strong) and 5 goblins.

Vanquished Creatures
  3 endoplasms
  3 giant cockroaches (D:1)
  7 goblins
  3 hobgoblins (D:1)
  A kobold (D:1)
  A quokka (D:1)
  A ball python (D:2)
  2 bats (D:1)
  A frilled lizard (D:1)
  A rat (D:1)
23 creatures vanquished.

Notes
Turn   | Place    | Note
-------+----------+-------------------------------------------
     0 | D:1      | GigaChad the Minotaur Fighter began the quest for the Orb.
     0 | D:1      | Reached XP level 1. HP: 19/19 MP: 0/0
   193 | D:1      | Reached XP level 2. HP: 26/27 MP: 1/1
   620 | D:2      | Noticed Robin
   631 | D:2      | Slain by a goblin

Illustrated notes

Levels and vault maps discovered:
D:1:      saegor_arrival_simple_b, layout_rooms
D:2:      layout_rooms, uniq_robin

Skill      XL: |  1  2 |
---------------+-------+-----
Armour         | 4 |  4.2
Fighting       | 4 |  4.0
Axes           | |  2.9
Shields        | |  3.9

Action                   || total
-------------------------++-------
Melee: War axe           ||    41
       Headbutt          ||     4
  Use: Scroll            ||     2
Armor: Scale mail        ||    43
Dodge: Dodged            ||    29
Block: Buckler           ||    14
